 Dungeon Crawl Stone Soup version 0.19.0-19-g8c6edcc (webtiles) character file.

383 JeffiDaFish the Cudgeler (level 6, -4/38 HPs)
             Began as a Gargoyle Fighter on Nov 12, 2016.
             Was an Initiate of Makhleb.
             Killed by divine providence
             ... invoked by an orc priest
              (12 damage)
             ... on level 4 of the Dungeon.
             The game lasted 00:15:48 (2548 turns).

JeffiDaFish the Cudgeler (Gargoyle Fighter)         Turns: 2548, Time: 00:15:48

Health: -4/38      AC: 25    Str: 21 (22) XL:     6   Next: 76%
Magic:  6/6        EV:  4    Int:  8      God:    Makhleb [......]
Gold:   116        SH:  9    Dex:  8 (9)  Spells: 0 memorised, 5 levels left

rFire  . . .     SeeInvis +     i - +3 mace (protect)
rCold  . . .     Gourm    .     a - +0 plate armour
rNeg   + . .     Faith    +     c - +0 shield
rPois  ∞         Spirit   .     (no helmet)
rElec  +         Reflect  .     (no cloak)
rCorr  .         Harm     .     (no gloves)
MR     .....                    (no boots)
Stlth  ..........               m - amulet of faith
                                d - ring of see invisible
                                e - +2 ring of protection

@: protection aura
A: negative energy resistance 1, electricity resistance, unbreathing,
petrification resistance, rot immunity, AC +4
a: Renounce Religion


You were on level 4 of the Dungeon.
You worshipped Makhleb.
Makhleb was noncommittal.
You were hungry.

You visited 1 branch of the dungeon, and saw 4 of its levels.

You collected 116 gold pieces.

Inventory:

Hand Weapons
 i - a +3 mace of protection (weapon)
Armour
 a - a +0 plate armour (worn)
 c - a +0 shield (worn)
Jewellery
 d - a ring of see invisible (right hand)
 e - a +2 ring of protection (left hand)
 l - an uncursed ring of resist corrosion
 m - an amulet of faith (around neck)
 r - an uncursed amulet of guardian spirit
Scrolls
 j - 4 scrolls of remove curse
 k - a scroll of teleportation
 n - a scroll of identify
Potions
 o - a potion of might
Comestibles
 b - 2 chunks of flesh
 f - 3 bread rations
 g - 2 slices of pizza
 h - 2 meat rations
 p - a beef jerky


   Skills:
 + Level 4.1 Fighting
 + Level 4.8 Maces & Flails
 + Level 4.6 Armour
 + Level 0.5 Dodging
 + Level 4.6 Shields


You had 5 spell levels left.
You didn't know any spells.

Dungeon Overview and Level Annotations

Branches:
Dungeon (4/15)
 Temple: D:4-7

Altars:
Hepliaklqana
Makhleb
Okawaru


Innate Abilities, Weirdness & Mutations

You are resistant to torment.
Your stone body is resilient. (AC +4)
You are immune to poison.
You resist negative energy. (rN+)
You are resistant to electric shocks. (rElec)
You can survive without breathing.
You are immune to petrification.
You are immune to rotting.


Message History

* * * LOW HITPOINT WARNING * * *
The orc hits you but does no damage.
Some of the chunks of flesh in your inventory have rotted away.
You are too injured to fight recklessly!
You feel better.
The orc priest hits you but does no damage.
You block the orc's attack.
You are too injured to fight recklessly!
You are too injured to fight recklessly!
You are too injured to fight recklessly!
You are too injured to fight recklessly!
You thump the orc!
Your weapon exudes an aura of protection.
You kill the orc!
Makhleb accepts your kill. You block the orc priest's attack.
You barely miss the orc wizard.
The orc priest mumbles some strange prayers to Beogh against you.
Beogh smites you!
You die...

#.##.# #.##.# #....
#..#.# #....
##.#.####### #....
#.#.##..... #....
#...##.#### #....
##..##.#...
#....##########..##.#.##
#...o.o@........>##.#.#.
#....o##########.##.#.#.
#.....#<# #.##.#.#.
###.#.#.# #.##.#.#.
#.#.#.# #.##.#.#. #
#.#.# #.##.#.#. #.#.#
#.##.#.#.
#.#.########.##.#.##
#.#.....)....##.#...


You could see an orc priest, an orc wizard (invisible) and an orc.

Vanquished Creatures
  Sigmund (D:2)
  A hound (D:4)
  An iguana (D:4)
  2 worker ants (D:4)
  A hound skeleton (D:4)
  A worker ant zombie (D:3)
  2 adders
  A worm (D:3)
  3 dart slugs
  2 leopard geckos
  3 orcs (D:4)
  A ball python (D:3)
  7 bats
  4 giant cockroaches
  10 goblins
  9 hobgoblins
  8 kobolds
  A quokka (D:3)
  3 frilled lizards
  6 rats
  2 bushes (D:1)
  A plant (D:1)
70 creatures vanquished.

Notes
Turn   | Place    | Note
-------+----------+-------------------------------------------
     0 | D:1      | JeffiDaFish the Gargoyle Fighter began the quest for the Orb.
     0 | D:1      | Reached XP level 1. HP: 14/14 MP: 1/1
   124 | D:1      | Reached XP level 2. HP: 19/19 MP: 2/2
  1021 | D:2      | Reached XP level 3. HP: 23/23 MP: 3/3
  1451 | D:2      | Noticed Sigmund
  1457 | D:2      | Killed Sigmund
  1457 | D:2      | Reached XP level 4. HP: 29/29 MP: 4/4
  1457 | D:2      | Reached XP level 5. HP: 33/33 MP: 5/5
  1696 | D:2      | Found a burning altar of Makhleb.
  1705 | D:2      | Became a worshipper of Makhleb the Destroyer
  1852 | D:3      | Reached XP level 6. HP: 38/38 MP: 6/6
  2107 | D:3      | Found an iron altar of Okawaru.
  2107 | D:3      | Found a hazy altar of Hepliaklqana.
  2548 | D:4      | Killed from afar by an orc priest

Skill      XL: |  1  2  3  4  5  6 |
---------------+-------------------+-----
Maces & Flails | 4 |  4.8
Armour         | 4 |  4.6
Shields        | 4 |  4.6
Fighting       | 4 |  4.1
Dodging        | |  0.5

Action                   |  1- 3 |  4- 6 || total
-------------------------+-------+-------++-------
Melee: Flail             |    33 |       ||    33
       Mace              |   252 |   133 ||   385
  Use: Scroll            |    11 |     3 ||    14
       Potion            |     3 |     7 ||    10
  Eat: Chunk             |     3 |     3 ||     6
Armor: Scale mail        |    24 |       ||    24
       Plate armour      |    95 |   133 ||   228
Dodge: Dodged            |    36 |    28 ||    64
Block: Shield            |    76 |    88 ||   164
